 Dungeon Crawl Stone Soup version 0.22-a0-166-g5351223 (webtiles) character file.

553 Borgoz the Chopper (level 7, -7/61 HPs)
             Began as a White Draconian Abyssal Knight on Feb 13, 2018.
             Was a Priest of Lugonu.
             Mangled by an orc warrior
             ... wielding a +0 battleaxe
              (14 damage)
             ... on level 6 of the Dungeon.
             The game lasted 00:09:44 (4646 turns).

Borgoz the Chopper (White Draconian Abyssal Knight) Turns: 4646, Time: 00:09:45

Health: -7/61      AC:  8    Str: 17    XL:     7   Next: 8%
Magic:  17/17      EV: 13    Int: 12    God:    Lugonu [***...]
Gold:   198        SH:  0    Dex: 10    Spells: 6/6 levels left

rFire    . . .     SeeInvis .   a - +2 hand axe
rCold    + . .     Gourm    .   (no shield)
rNeg     . . .     Faith    .   (armour unavailable)
rPois    .         Spirit   .   d - +2 hat
rElec    .         Reflect  .   (no cloak)
rCorr    .         Harm     .   (no gloves)
MR       .....     Rnd*Tele +   (no boots)
Stlth    +.........             (no amulet)
HPRegen  0.20/turn              h - ring of teleportation (curse)
MPRegen  0.15/turn              o - ring of magical power

@: short of breath, hasted, very quick
A: breathe frost, unfitting armour, cold resistance 1, cold-blooded, AC +6
a: Breathe Frost, Depart the Abyss, Bend Space, Banish, Renounce Religion


You were on level 6 of the Dungeon.
You worshipped Lugonu.
Lugonu was most pleased with you.
You were not hungry.

You visited 1 branch of the dungeon, and saw 6 of its levels.
You visited the Abyss 1 time.

You collected 198 gold pieces.

Inventory:

Hand Weapons
 a - a +2 hand axe (weapon)
 b - a +5 whip
Armour
 d - a +2 hat (worn)
Jewellery
 h - a cursed ring of teleportation (left hand)
 k - an uncursed ring of protection from fire
 o - a ring of magical power (right hand)
Wands
 f - a wand of iceblast (10)
Scrolls
 c - a scroll of enchant weapon
 i - 2 scrolls of teleportation
Potions
 l - 2 potions of curing
 m - a potion of brilliance
 n - a potion of cancellation
Comestibles
 e - 11 rations
 j - 3 chunks of flesh


   Skills:
 + Level 5.2 Fighting
 + Level 5.4 Axes
 + Level 4.1 Dodging
 + Level 2.2 Invocations


You had 6 spell levels left.
You didn't know any spells.

Dungeon Overview and Level Annotations

Branches:
Dungeon (5/15)
 Temple: D:4-7

Altars:
Cheibriados

Shops:
D:4 [


Innate Abilities, Weirdness & Mutations

You can breathe waves of freezing cold.
You can buffet flying creatures when you breathe cold.
Your icy white scales are hard. (AC +6)
You cannot fit into any form of body armour.
Your flesh is cold resistant. (rC+)
You are cold-blooded and may be slowed by cold attacks.


Message History

Lugonu accepts your kill.
You feel somewhat more hungry.
You slash the orc warrior!
The orc warrior is moderately wounded.
The orc warrior hits you with a battleaxe!
You hit the orc warrior.
The orc warrior is moderately wounded.
The orc hits you from afar with a trident!
The orc warrior hits you with a battleaxe!!
* * * LOW HITPOINT WARNING * * *
You hit the orc warrior but do no damage.
The orc warrior is moderately wounded.
The orc hits you from afar with a trident.
* * * LOW HITPOINT WARNING * * *
The orc warrior closely misses you.
You feel yourself speed up.
The orc hits you from afar with a trident!
* * * LOW HITPOINT WARNING * * *
The orc warrior hits you with a battleaxe!
You die...

##.#.#
#####....##
+.........#..
###...##......
#....###...###
#.....###.)#
###...##...#
###.#......##
#.@###....##
#.o###....##
###o#......##
##...##...#
#..## ...#
#.รท.# #..#
#...##...#
##......##
##....##


You could see an orc warrior and an orc.

Vanquished Creatures
  An ice beast (D:4)
  3 orc priests (D:3)
  2 orc wizards (D:3)
  5 worker ants
  5 gnolls
  4 adders
  An ooze (D:3)
  An adder skeleton (D:4)
  5 worms
  A dart slug (D:1)
  A leopard gecko (D:1)
  9 orcs
  2 ball pythons
  5 bats
  3 giant cockroaches
  7 goblins
  9 hobgoblins
  11 jackals
  5 frilled lizards
  A jackal skeleton (D:4)
  12 kobolds
  3 rats
96 creatures vanquished.

Notes
Turn   | Place    | Note
-------+----------+-------------------------------------------
     0 | Abyss:1  | Borgoz the Draconian Abyssal Knight began the quest for the Orb.
     0 | Abyss:1  | Reached XP level 1. HP: 19/19 MP: 2/2
     9 | Abyss:1  | Found a corrupted altar of Lugonu.
    53 | Abyss:1  | Noticed a fire dragon simulacrum
    54 | D:1      | Escaped the Abyss
   186 | D:1      | Reached XP level 2. HP: 25/26 MP: 3/3
   489 | D:1      | Reached * piety under Lugonu
   528 | D:1      | Reached XP level 3. HP: 22/33 MP: 4/4
  1474 | D:1      | Reached XP level 4. HP: 30/40 MP: 5/5
  1836 | D:2      | Reached ** piety under Lugonu
  2307 | D:3      | Reached XP level 5. HP: 32/47 MP: 6/6
  3002 | D:3      | Reached XP level 6. HP: 34/55 MP: 7/7
  3905 | D:3      | Reached skill level 5 in Fighting
  4004 | D:4      | Reached *** piety under Lugonu
  4067 | D:4      | Found a snail-covered altar of Cheibriados.
  4156 | D:4      | Noticed an ice beast
  4184 | D:4      | Reached skill level 5 in Axes
  4315 | D:5      | Entered Level 5 of the Dungeon
  4366 | D:4      | Killed an ice beast
  4366 | D:4      | Your scales start taking on an icy white colour.
  4366 | D:4      | Reached XP level 7. HP: 40/61 MP: 8/8
  4366 | D:4      | Gained mutation: Your flesh is cold resistant. (rC+) [White Draconian growth]
  4431 | D:4      | Found Cize's Antique Armour Emporium.
  4594 | D:4      | You fall through a shaft for 2 floors!
  4646 | D:6      | Mangled by an orc warrior

Vault maps used:
D:1:      dpeg_arrival_water_temple_mockup
D:3:      first_ration
D:4:      old_standard_altar, serial_shops, nicolae_shop_overgrown_old_shop
D:5:      serial_shops, shop
D:6:      wad_guarded_room, minmay_temple_entry_statues_pillars

Skill      XL: |  1  2  3  4  5  6 |
---------------+-------------------+-----
Fighting       | 4 5 |  5.2
Dodging        | 3 4 |  4.1
Axes           | 3 4 5 |  5.4
Invocations    | |  2.2

Action                   |  1- 3 |  4- 6 |  7- 9 || total
-------------------------+-------+-------+-------++-------
Melee: Hand axe          |   121 |   206 |    10 ||   337
       Tailslap          |    12 |    27 |     2 ||    41
Invok: Depart the Abyss  |     1 |       |       ||     1
 Abil: Breathe Frost     |       |       |     1 ||     1
  Use: Scroll            |     4 |     4 |     1 ||     9
       Potion            |       |       |     1 ||     1
 Stab: Distracted        |       |     1 |       ||     1
       Sleeping          |       |     2 |       ||     2
  Eat: Chunk             |     2 |     9 |     1 ||    12
Armor: Skin              |    43 |    52 |     5 ||   100
Dodge: Dodged            |    85 |   125 |     7 ||   217

Table legend:
 A = Spawn XP
 B = Non-spawn XP
 C = Spawn XP percentage of total XP
 D = Spawn monster count
 E = Non-spawn monster count
 F = Spawn count percentage of total count
 G = Total turns spent on level
                    A         B        C        D         E        F      G
               +---------+---------+-------+---------+---------+-------+---------
         Total |       0 |     791 |   0.0 |       0 |      96 |   0.0 |  4646
               +---------+---------+-------+---------+---------+-------+---------
           D:1 |       0 |      56 |   0.0 |       0 |      23 |   0.0 |   962
           D:2 |       0 |      78 |   0.0 |       0 |      22 |   0.0 |  1188
           D:3 |       0 |     404 |   0.0 |       0 |      40 |   0.0 |  1733
           D:4 |       0 |     249 |   0.0 |       0 |       9 |   0.0 |   651
           D:6 |       0 |       4 |   0.0 |       0 |       2 |   0.0 |    52
               +---------+---------+-------+---------+---------+-------+---------
